 Dungeon Crawl Stone Soup version 0.31-a0-162-gc4c5a43528 (webtiles) character file.

Game seed: 2625474170684571038

22472 IndexError the Fighter (level 12, 0/117 HPs)
             Began as a Minotaur Berserker on June 13, 2023.
             Was a High Priest of Trog.
             Slain by a skeletal warrior
             ... wielding a +0 glaive
              (7 damage)
             ... on level 12 of the Dungeon.
             The game lasted 00:28:59 (13855 turns).

IndexError the Fighter (Minotaur Berserker)        Turns: 13855, Time: 00:28:59

Health: 0/117      AC: 21    Str: 25    XL:     12   Next: 63%
Magic:  11/11      EV:  8    Int: 10    God:    Trog [*****.]
Gold:   848        SH:  5    Dex: 12    Spells: 11/11 levels left

rFire   . . .        r - +2 whip (flame)
rCold   . . .        w - +2 buckler
rNeg    . . .        Q - +0 plate armour
rPois   .            (helmet restricted)
rElec   .            (no cloak)
rCorr   .            K - +1 pair of gloves
SInv    .            u - +2 pair of boots
Will    .....        W - amulet of the acrobat Stlth
                     N - +6 ring of intelligence
HPRegen 0.39/turn    (no ring)
MPRegen 0.12/turn

%: acrobat
@: on berserk cooldown, slowed, very slow
A: horns 2, retaliatory headbutt
a: Renounce Religion, Berserk, Trog's Hand, Brothers in Arms


You were on level 12 of the Dungeon.
You worshipped Trog.
Trog was extremely pleased with you.
You visited 1 branch of the dungeon, and saw 12 of its levels.
You also visited: Sewer and Bailey.

You collected 848 gold pieces.

Inventory:

Hand Weapons
 a - a +2 mace of protection
   (You found it on level 3 of the Dungeon)
 r - a +2 whip of flaming (weapon)
   (You took it off a kobold on level 9 of the Dungeon)
Missiles
 q - 3 javelins
 F - 56 poisoned darts (quivered)
 H - 14 boomerangs
 R - 3 curare-tipped darts
 U - 3 datura-tipped darts
Armour
 u - a +2 pair of boots (worn)
   (You found it on level 4 of the Dungeon)
 w - a +2 buckler (worn)
   (You found it on level 5 of the Dungeon)
 K - a +1 pair of gloves (worn)
   (You found it on level 6 of the Dungeon)
 Q - a +0 plate armour (worn)
   (You took it off an orc warrior on level 7 of the Dungeon)
 S - a +0 kite shield
   (You took it off a gnoll sergeant on level 10 of the Dungeon)
Jewellery
 b - a ring of protection from cold {rC+, !d}
   (You found it on level 12 of the Dungeon)
 L - a ring of ice {rC+, rF-}
   (You found it on level 7 of the Dungeon)
 N - a +6 ring of intelligence (left hand)
   (You took it off a goblin on level 9 of the Dungeon)
 W - an amulet of the acrobat (around neck)
   (You found it on level 11 of the Dungeon)
Wands
 n - a wand of flame (35)
   (You took it off Ijyb on level 3 of the Dungeon)
 x - a wand of paralysis (6)
   (You found it on level 5 of the Dungeon)
 I - a wand of iceblast (24)
   (You found it on level 6 of the Dungeon)
 T - a wand of polymorph (3)
   (You found it on level 10 of the Dungeon)
 V - a wand of mindburst (5)
   (You found it on level 11 of the Dungeon)
 X - a wand of quicksilver (2)
   (You found it on level 11 of the Dungeon)
Scrolls
 c - 11 scrolls of teleportation {unknown}
 h - 2 scrolls of poison {unknown}
 j - 6 scrolls of enchant weapon
 k - a scroll of silence {unknown}
 m - 4 scrolls of vulnerability {unknown}
 o - 6 scrolls of identify {unknown}
 s - 4 scrolls of fog {unknown}
 v - a scroll of blinking {unknown}
 y - 7 scrolls of fear {unknown}
 D - 6 scrolls of summoning
 E - a scroll of amnesia {unknown}
 M - 4 scrolls of revelation {unknown}
 Y - a scroll of immolation {unknown}
Potions
 d - 2 potions of enlightenment {unknown}
 e - a potion of berserk rage {unknown}
 f - 7 potions of heal wounds {unknown}
 g - 17 potions of degeneration {!q}
 i - 5 potions of might
 l - 2 potions of curing
 p - 2 potions of attraction {unknown}
 t - a potion of ambrosia {unknown}
 z - 3 potions of cancellation {unknown}
 A - 4 potions of mutation {unknown}
 B - a potion of haste {unknown}
 C - 3 potions of invisibility {unknown}
 G - 3 potions of resistance {unknown}
 J - 2 potions of magic {unknown}
 O - a potion of lignification {!q}


   Skills:
 - Level 14.0 Fighting
 - Level 14.0 Maces & Flails
 - Level 0.2(9.0) Staves
 - Level 12.0 Armour
 - Level 2.1 Dodging
 - Level 0.1 Unarmed Combat
 + Level 9.4 Evocations


You had 11 spell levels left.
You didn't know any spells.
Your spell library was empty.

Dungeon Overview and Level Annotations

Branches:
Dungeon (12/15)            Temple (0/1) D:4            Lair (0/5) D:8
    Orc (0/2) D:9           Sewer (visited)          Bailey (visited)

Altars:
Cheibriados
Elyvilon
Fedhas
Hepliaklqana
Makhleb
Qazlal
Ru
Sif Muna
Vehumet
Xom
Yredelemnul
Zin
The Shining One

Shops:
D:9 (

Annotations:
D:5 2 transporters, Zigma's ghost, novice KoEn
D:9 exclusion: statue
D:12 1 runed translucent door, mn3067's ghost, journeyman GrBe


Innate Abilities, Weirdness & Mutations

You have a pair of horns on your head.
You reflexively headbutt those who attack you in melee.


Message History

You see here a ring of protection from cold {rC+, !d}.
Health restored: 117 You can't carry that many items.
You drop a +0 sling.
You drop a +0 flail of holy wrath.
You drop a +3 leather armour of positive energy.
b - a ring of protection from cold {rC+, !d} A skeletal warrior comes into view.
It is wielding a +0 trident.
A red film seems to cover your vision as you go berserk!
You feel yourself moving faster!
You feel mighty!
The skeletal warrior hits you but does no damage.
You now have 175/175 hp.
You feel a strong urge to attack something.
The skeletal warrior hits you but does no damage.
You hit the skeletal warrior. You burn the skeletal warrior.
You hit the skeletal warrior. You burn the skeletal warrior.
The skeletal warrior closely misses you.
The skeletal warrior hits you but does no damage.
You closely miss the skeletal warrior.
You hit the skeletal warrior but do no damage.
You headbutt the skeletal warrior! You hit the skeletal warrior.
You burn the skeletal warrior.
Your headbutt misses the skeletal warrior.
The skeletal warrior barely misses you.
You block the skeletal warrior's attack.
You hit the skeletal warrior. You burn the skeletal warrior.
You hit the skeletal warrior but do no damage.
Your headbutt misses the skeletal warrior.
The skeletal warrior hits you from afar with a +0 glaive!
The skeletal warrior hits you with a +0 trident!
You take 29 damage, and have 146/175 hp.
You hit the skeletal warrior but do no damage.
Your headbutt misses the skeletal warrior.
You hit the skeletal warrior. You burn the skeletal warrior.
You headbutt the skeletal warrior! You barely miss the skeletal warrior.
You headbutt the skeletal warrior.
You block the skeletal warrior's attack.
The skeletal warrior hits you but does no damage.
You hit the skeletal warrior. You burn the skeletal warrior.
You hit the skeletal warrior. You burn the skeletal warrior.
You hit the skeletal warrior. You burn the skeletal warrior.
Trog accepts your kill.
You block the skeletal warrior's attack.
You are no longer berserk.
You are exhausted.
You feel yourself slow down.
You now have 98/117 hp.
You hit the skeletal warrior but do no damage.
You headbutt the skeletal warrior, but do no damage.
The skeletal warrior hits you with a +0 glaive!
You take 8 damage, and have 90/117 hp.
You hit the skeletal warrior. You burn the skeletal warrior.
Your headbutt misses the skeletal warrior.
You block the skeletal warrior's attack.
The skeletal warrior hits you but does no damage.
You barely miss the skeletal warrior.
The skeletal warrior hits you with a +0 glaive!!
The skeletal warrior hits you but does no damage.
You take 20 damage, and have 70/117 hp.
The skeletal warrior hits you but does no damage.
The skeletal warrior hits you from afar with a +0 halberd!!
The skeletal warrior closely misses you.
You take 17 damage, and have 54/117 hp.
The skeletal warrior hits you from afar with a +0 halberd!
The skeletal warrior closely misses you.
You take 10 damage, and have 44/117 hp.
You block the skeletal warrior's attack.
The skeletal warrior misses you. x2
The skeletal warrior misses you.
The skeletal warrior hits you but does no damage.
The skeletal warrior misses you. The skeletal warrior misses you. x2
The skeletal warrior hits you from afar with a +0 trident!!
* * * LOW HITPOINT WARNING * * *
The skeletal warrior closely misses you.
The skeletal warrior hits you but does no damage.
You take 20 damage, and have 27/117 hp.
The skeletal warrior closely misses you.
The skeletal warrior completely misses you.
The skeletal warrior closely misses you.
The skeletal warrior barely misses you. The skeletal warrior misses you.
The skeletal warrior closely misses you.
You block the skeletal warrior's attack. x2
The skeletal warrior hits you from afar with a +0 trident!
* * * LOW HITPOINT WARNING * * *
You take 15 damage, and have 15/117 hp.
The skeletal warrior hits you from afar with a +0 halberd!
* * * LOW HITPOINT WARNING * * *
The skeletal warrior hits you from afar with a +0 trident.
* * * LOW HITPOINT WARNING * * *
The skeletal warrior completely misses you.
You take 11 damage, and have 4/117 hp.
The skeletal warrior closely misses you.
You block the skeletal warrior's attack.
The skeletal warrior misses you.
The skeletal warrior closely misses you.
Your ogre goes berserk!
The skeletal warrior hits you but does no damage.
The skeletal warrior hits you from afar with a +0 glaive!
You die...

....................#
#.........
....................#
####......
...:...............##
#...).. ..................##
#...... #................##
#...... ##...........z..##
#...... ##............##
#######
##.........z################
####......zz.@O...........#
#####################.## #.#
#.# #.# #.##### #......
#######


You could see 3 skeletal warriors and a friendly ogre (summoned, berserk).

Vanquished Creatures
  Frances (D:12)
  A two-headed ogre (D:6)
  A centaur warrior (D:9)
  A boulder beetle (D:9)
  Sonja (D:10)
  A skeletal warrior (D:12)
  2 slime creatures (D:12)
  Pikel (D:7)
  2 ugly things
  3 deep elf pyromancers
  2 cyclopes
  4 gargoyles
  Psyche (D:8)
  A kobold demonologist (D:9)
  An efreet (D:12)
  A merfolk (D:10)
  3 trolls
  A hornet (D:7)
  Prince Ribbit (D:9)
  A shadow (D:10)
  14 yaks
  A vampire (D:12)
  A wyvern (D:11)
  A wraith (D:9)
  5 vampire mosquitoes (D:12)
  2 steam dragons
  2 water moccasins (D:8)
  2 acid dragons
  Duvessa (D:7)
  3 ice beasts
  Pargi (Sewer)
  A sky beast (D:7)
  4 black bears (D:8)
  11 orc warriors
  The ghost of pornopis the Shooter, an amateur BaHu (D:3)
  4 ogres
  2 centaurs
  3 phantoms
  7 kobold brigands
  3 gnoll sergeants
  6 bullfrogs
  Dowan (D:7)
  11 killer bees
  9 howler monkeys
  An electric eel (D:9)
  A crimson imp (D:10)
  2 jellies
  3 hounds
  A gnoll bouda (D:7)
  10 orc priests
  Jessica (D:3)
  Ijyb (D:3)
  3 iguanas
  Natasha (thrice) (D:3)
  10 orc wizards
  2 sleepcaps
  14 gnolls
  A river rat (D:5)
  7 adders
  3 white imps
  An ufetubus (D:5)
  3 worms (D:2)
  71 orcs
  8 bats
  4 endoplasms
  2 giant cockroaches
  8 hobgoblins
  5 jackals
  36 kobolds
  7 quokkas
  12 ball pythons
  9 frilled lizards
  9 goblins
  10 rats
374 creatures vanquished.

Vanquished Creatures (collateral kills)
  3 slime creatures (D:12)
  3 orc warriors (D:9)
  An orc priest (D:9)
  4 orcs (D:9)
11 creatures vanquished.

Grand Total: 385 creatures vanquished

Notes
Turn   | Place    | Note
-------+----------+-------------------------------------------
     0 | D:1      | IndexError the Minotaur Berserker began the quest for the
                  | Orb.
     0 | D:1      | Reached XP level 1. HP: 19/19 MP: 0/0
   301 | D:1      | Reached skill level 4 in Fighting
   301 | D:1      | Reached skill level 4 in Maces & Flails
   301 | D:1      | Reached XP level 2. HP: 27/27 MP: 1/1
   337 | D:1      | Found a faded altar of an unknown god.
   398 | D:1      | Reached ** piety under Trog
   679 | D:2      | Reached XP level 3. HP: 34/34 MP: 2/2
  1227 | D:2      | Reached XP level 4. HP: 41/41 MP: 3/3
  1673 | D:3      | Noticed Natasha
  1682 | D:3      | Killed Natasha
  1683 | D:3      | Reached skill level 5 in Fighting
  1683 | D:3      | Reached skill level 5 in Maces & Flails
  1814 | D:3      | Found a runed translucent gate.
  1814 | D:3      | Found a runed translucent gate.
  1814 | D:3      | Found a runed translucent gate.
  1816 | D:3      | Noticed pornopis's ghost (amateur BaHu)
  1837 | D:3      | Found a hazy altar of Hepliaklqana.
  1837 | D:3      | Found a burning altar of Makhleb.
  1837 | D:3      | Noticed Ijyb
  1848 | D:3      | Killed Ijyb
  1892 | D:3      | Found a glowing golden altar of the Shining One.
  1892 | D:3      | Found a blossoming altar of Fedhas.
  1894 | D:3      | Found a sacrificial altar of Ru.
  1894 | D:3      | Found a basalt altar of Yredelemnul.
  1896 | D:3      | Found a snail-covered altar of Cheibriados.
  1927 | D:3      | Noticed Jessica
  1934 | D:3      | Killed Jessica
  1935 | D:3      | Reached XP level 5. HP: 37/48 MP: 4/4
  2020 | D:3      | Noticed an ogre
  2025 | D:3      | Killed an ogre
  2026 | D:3      | Reached skill level 6 in Fighting
  2026 | D:3      | Reached skill level 6 in Maces & Flails
  2042 | D:3      | Noticed Natasha
  2048 | D:3      | Killed Natasha
  2150 | D:3      | Reached *** piety under Trog
  2151 | D:3      | Reached XP level 6. HP: 57/57 MP: 5/5
  2280 | D:3      | Noticed Natasha
  2285 | D:3      | Killed Natasha
  2442 | D:3      | Found a shimmering altar of Xom.
  2531 | D:3      | Killed pornopis's ghost
  3051 | D:4      | Reached skill level 7 in Fighting
  3051 | D:4      | Reached skill level 7 in Maces & Flails
  3277 | D:4      | Found a staircase to the Ecumenical Temple.
  3315 | D:4      | Reached XP level 7. HP: 56/66 MP: 6/6
  3560 | D:5      | Entered Level 5 of the Dungeon
  3656 | D:5      | Found a glowing silver altar of Zin.
  3713 | D:5      | Found a transporter.
  3721 | D:5      | Reached skill level 8 in Fighting
  3723 | D:5      | Reached skill level 8 in Maces & Flails
  3731 | D:5      | Noticed Zigma's ghost (novice KoEn)
  3744 | D:5      | Found a glowing drain.
  3762 | Sewer    | Entered a sewer
  3809 | Sewer    | Noticed Pargi
  3819 | Sewer    | Killed Pargi
  4413 | D:5      | Reached XP level 8. HP: 67/75 MP: 7/7
  4635 | D:5      | Identified the +9 great mace of Ivaipsun {freeze, rC++}
  4638 | D:5      | Found a transporter.
  4701 | D:5      | Reached **** piety under Trog
  4726 | D:5      | Found a shimmering blue altar of Sif Muna.
  5090 | D:6      | Reached skill level 9 in Fighting
  5090 | D:6      | Reached skill level 9 in Maces & Flails
  5231 | D:6      | Reached skill level 10 in Fighting
  5231 | D:6      | Reached skill level 10 in Maces & Flails
  5353 | D:6      | Reached XP level 9. HP: 81/86 MP: 8/8
  5624 | D:6      | Reached skill level 11 in Fighting
  5624 | D:6      | Reached skill level 11 in Maces & Flails
  5635 | D:6      | Noticed a two-headed ogre
  5643 | D:6      | Killed a two-headed ogre
  6052 | D:7      | Reached ***** piety under Trog
  6053 | D:7      | Reached skill level 12 in Fighting
  6053 | D:7      | Reached skill level 12 in Maces & Flails
  6084 | D:7      | Noticed Dowan
  6087 | D:7      | Noticed Duvessa
  6103 | D:7      | Killed Duvessa
  6114 | D:7      | Killed Dowan
  6401 | D:7      | Noticed Pikel
  6420 | D:7      | Killed Pikel
  6421 | D:7      | Reached XP level 10. HP: 100/100 MP: 9/9
  6535 | D:7      | Paralysed by a hornet for 2 turns
  6675 | D:7      | Reached skill level 13 in Fighting
  6675 | D:7      | Reached skill level 13 in Maces & Flails
  7015 | D:8      | Noticed a purple ugly thing
  7027 | D:8      | Killed a purple ugly thing
  7348 | D:8      | Found a staircase to the Lair.
  7425 | D:8      | Reached skill level 14 in Fighting
  7425 | D:8      | Reached skill level 14 in Maces & Flails
  7682 | D:8      | Noticed Psyche
  7691 | D:8      | Killed Psyche
  7692 | D:8      | Reached skill level 3 in Armour
  7692 | D:8      | Reached skill level 1 in Evocations
  7965 | D:9      | Reached skill level 4 in Armour
  7965 | D:9      | Reached skill level 2 in Evocations
  7970 | D:9      | Found Reohull's Weapon Emporium.
  8051 | D:9      | Reached skill level 3 in Evocations
  8051 | D:9      | Reached XP level 11. HP: 95/110 MP: 10/10
  8054 | D:9      | Reached skill level 5 in Armour
  8065 | D:9      | Found a staircase to the Orcish Mines.
  8079 | D:9      | HP: 27/110 [orc warrior/+0 dire flail (2)]
  8088 | D:9      | Received a gift from Trog
  8408 | D:9      | Found a radiant altar of Vehumet.
  8576 | D:9      | Found a flagged portal.
  8585 | Bailey   | Entered a bailey
  8607 | Bailey   | Reached skill level 6 in Armour
  8707 | Bailey   | Reached skill level 4 in Evocations
  9181 | D:9      | Noticed Prince Ribbit
  9189 | D:9      | Killed Prince Ribbit
  9231 | D:9      | Found a stormy altar of Qazlal.
  9431 | D:9      | Noticed a boulder beetle
  9453 | D:9      | Killed a boulder beetle
  9454 | D:9      | Reached skill level 7 in Armour
  9454 | D:9      | Reached skill level 5 in Evocations
  9557 | D:9      | Noticed a centaur warrior
  9564 | D:9      | Killed a centaur warrior
  9797 | D:9      | Found a white marble altar of Elyvilon.
 10138 | D:10     | Entered Level 10 of the Dungeon
 10138 | D:10     | Noticed Sonja
 10331 | D:10     | Killed Sonja
 10332 | D:10     | Reached skill level 8 in Armour
 10592 | D:10     | Reached skill level 6 in Evocations
 10646 | D:10     | Noticed a deep elf pyromancer
 10658 | D:10     | Killed a deep elf pyromancer
 10955 | D:10     | Reached skill level 9 in Armour
 12105 | D:11     | Reached skill level 7 in Evocations
 12148 | D:11     | Reached XP level 12. HP: 109/117 MP: 11/11
 12412 | D:11     | Reached skill level 10 in Armour
 12736 | D:12     | Noticed Frances
 12773 | D:12     | Killed Frances
 12774 | D:12     | Reached skill level 8 in Evocations
 13079 | D:12     | Reached skill level 11 in Armour
 13618 | D:12     | Reached skill level 12 in Armour
 13618 | D:12     | Reached skill level 9 in Evocations
 13677 | D:12     | Found a runed translucent door.
 13679 | D:12     | Noticed mn3067's ghost (journeyman GrBe)
 13680 | D:12     | Identified the +3 spear of Youthful Indiscretion {spect,
                  | Fly rN++ Dex-5 SInv}
 13680 | D:12     | Identified the +3 spear of Youthful Indiscretion {spect,
                  | Fly rN++ Dex-5 SInv}
 13841 | D:12     | HP: 27/117 [skeletal warrior/+0 trident (20)]
 13847 | D:12     | HP: 15/117 [skeletal warrior/+0 trident (16)]
 13849 | D:12     | HP: 4/117 [skeletal warrior/+0 trident (5)]
 13855 | D:12     | Slain by a skeletal warrior

Illustrated notes

Levels and vault maps discovered:
D:1:      wheals_arrival_linesprint, layout_basic,
          shapermc_ecumenical_altar_starsandcircs
D:2:      layout_basic
D:3:      layout_loops_ring, grunt_temple_overflow_open, tgw_xom,
          ebering_ghost_rock_garden, hex_medium, uniq_natasha, uniq_ijyb,
          uniq_jessica
D:4:      layout_cave_pools, minmay_temple_entry_from_below_a
D:5:      layout_cave_pools, tgw_sif, kennysheep_little_box,
          gammafunk_ghost_smash, portal_sewer_entry_c
D:6:      layout_cave_pools, minivault_22, hangedman_decor_opposing
D:7:      layout_cave_pools, minmay_diced_spiral, uniq_pikel, uniq_duvessa
D:8:      layout_rooms, due_lair_maze_entry_diamond, uniq_psyche
D:9:      layout_loops_ring, grunt_qazlal_sundering,
          nicolae_elyvilon_temple_path, vehumet_statue, david_orc_5,
          serial_shops, nicolae_shop_bloodbath_and_beyond, enter_bailey_7,
          minmay_three_doors, uniq_prince_ribbit1
D:10:     layout_cave_pods, hangedman_stone_soup, uniq_sonja
D:11:     layout_cave_pools
D:12:     layout_basic, ebering_ghost_funeral_grove, uniq_frances

Skill      XL: |  1  2  3  4  5  6  7  8  9 10 11 12 |
---------------+-------------------------------------+-----
Fighting       | 4 5 6 7 8 10 12 14 | 14.0
Maces & Flails | 4 5 6 7 8 10 12 14 | 14.0
Armour         | 4 9 12 | 12.0
Evocations     | 3 7 9 |  9.4
Staves         | |  0.2
Dodging        | |  2.1
Unarmed Combat | |  0.1

Action                     |  1- 3 |  4- 6 |  7- 9 | 10-12 || total
---------------------------+-------+-------+-------+-------++-------
  Melee: Mace              |   106 |    88 |   236 |   433 ||   863
         Headbutt          |     9 |    13 |    50 |   170 ||   242
         Whip              |       |       |       |   326 ||   326
  Throw: Dart              |       |       |     8 |     4 ||    12
 Invoke: Berserk           |       |     2 |    10 |    11 ||    23
         Trog's Hand       |       |       |       |     1 ||     1
         Brothers in Arms  |       |       |       |     3 ||     3
  Evoke: Wand              |       |       |       |     6 ||     6
    Use: Scroll            |       |       |       |     3 ||     3
   Stab: Paralysed         |       |       |       |     2 ||     2
 Armour: Ring mail         |    36 |    14 |       |       ||    50
         Animal skin       |     3 |       |       |       ||     3
         Scale mail        |       |    17 |    94 |    15 ||   126
         Plate armour      |       |       |       |   389 ||   389
         Skin              |       |       |       |     4 ||     4
  Dodge: Dodged            |    61 |    47 |   101 |   229 ||   438
  Block: Buckler           |       |       |    43 |   160 ||   203

Table legend: (Time is in decaauts)
 A = Elapsed time spent in this place.
 B = Non-inter-level travel time spent in this place.
 C = Inter-level travel time spent in this place.
 D = Time resting spent in this place.
 E = Time spent auto-exploring this place.
 F = Levels seen in this place.
 G = Mean time per level.
                   A        B        C        D        E       F      G
               +--------+--------+--------+--------+--------+-----+--------+
         Total |  13885 |  12505 |   1380 |    433 |   9299 |  14 |  991.8 |
       Dungeon |  13241 |  11861 |   1380 |    431 |   8898 |  12 | 1103.4 |
         Sewer |    191 |    191 |      0 |      1 |    111 |   1 |  191.0 |
        Bailey |    452 |    452 |      0 |      0 |    289 |   1 |  452.0 |
               +--------+--------+--------+--------+--------+-----+--------+

Top non-repeatable levels by time:
     D:9: 2120 daAuts
     D:3: 1378 daAuts
    D:12: 1296 daAuts
    D:10: 1256 daAuts
     D:7: 1184 daAuts
     D:6: 1066 daAuts
     D:5: 954 daAuts
     D:4: 940 daAuts
     D:2: 925 daAuts
     D:1: 723 daAuts
     D:8: 708 daAuts
    D:11: 687 daAuts
  Bailey: 452 daAuts
   Sewer: 191 daAuts

Levels and vault maps discovered:
D:1:      wheals_arrival_linesprint, layout_basic,
          shapermc_ecumenical_altar_starsandcircs
D:2:      layout_basic
D:3:      layout_loops_ring, grunt_temple_overflow_open, tgw_xom,
          ebering_ghost_rock_garden, hex_medium, uniq_natasha, uniq_ijyb,
          uniq_jessica
D:4:      layout_cave_pools, minmay_temple_entry_from_below_a
D:5:      layout_cave_pools, tgw_sif, kennysheep_little_box,
          gammafunk_ghost_smash, portal_sewer_entry_c
D:6:      layout_cave_pools, minivault_22, hangedman_decor_opposing
D:7:      layout_cave_pools, minmay_diced_spiral, uniq_pikel, uniq_duvessa
D:8:      layout_rooms, due_lair_maze_entry_diamond, uniq_psyche
D:9:      layout_loops_ring, grunt_qazlal_sundering,
          nicolae_elyvilon_temple_path, vehumet_statue, david_orc_5,
          serial_shops, nicolae_shop_bloodbath_and_beyond, enter_bailey_7,
          minmay_three_doors, uniq_prince_ribbit1
D:10:     layout_cave_pods, hangedman_stone_soup, uniq_sonja
D:11:     layout_cave_pools
D:12:     layout_basic, ebering_ghost_funeral_grove, uniq_frances

Table legend: (Time is in decaauts)
 A = Elapsed time spent in this place.
 B = Non-inter-level travel time spent in this place.
 C = Inter-level travel time spent in this place.
 D = Time resting spent in this place.
 E = Time spent auto-exploring this place.
 F = Levels seen in this place.
 G = Mean time per level.
                   A        B        C        D        E       F      G
               +--------+--------+--------+--------+--------+-----+--------+
         Total |  13885 |  12505 |   1380 |    433 |   9299 |  14 |  991.8 |
       Dungeon |  13241 |  11861 |   1380 |    431 |   8898 |  12 | 1103.4 |
         Sewer |    191 |    191 |      0 |      1 |    111 |   1 |  191.0 |
        Bailey |    452 |    452 |      0 |      0 |    289 |   1 |  452.0 |
               +--------+--------+--------+--------+--------+-----+--------+

Top non-repeatable levels by time:
     D:9: 2120 daAuts
     D:3: 1378 daAuts
    D:12: 1296 daAuts
    D:10: 1256 daAuts
     D:7: 1184 daAuts
     D:6: 1066 daAuts
     D:5: 954 daAuts
     D:4: 940 daAuts
     D:2: 925 daAuts
     D:1: 723 daAuts
     D:8: 708 daAuts
    D:11: 687 daAuts
  Bailey: 452 daAuts
   Sewer: 191 daAuts

Table legend:
 A = Kills in this place as a percentage of kills in the entire game.
 B = Kills by you in this place as a percentage of kills by you in the entire game.
 C = Kills by friends in this place as a percentage of kills by friends in the entire game.
 D = Other kills in this place as a percentage of other kills in the entire game.
 E = Experience gained in this place as a percentage of experience gained in the entire game.
 F = Experience gained in this place divided by the number of levels of this place that you have seen.
                   A       B       C       D       E      F
               +-------+-------+-------+-------+-------+----------------------
         Total | 100.0 | 100.0 | 100.0 |   N/A | 100.0 | 2293.1
       Dungeon |  90.6 |  90.4 | 100.0 |   N/A |  96.1 | 2570.7
         Sewer |   1.8 |   1.9 |   0.0 |   N/A |   0.4 | 138.0
        Bailey |   7.5 |   7.8 |   0.0 |   N/A |   3.5 | 1118.0
               +-------+-------+-------+-------+-------+----------------------
